 Dungeon Crawl Stone Soup version 0.30.1-3-gfc49f6343a (webtiles) character file.

Game seed: 6765157916200623185

227 Descartes the Trooper (level 6, -2/41 (49) HPs)
             Began as a Formicid Chaos Knight on July 18, 2023.
             Was a Plaything of Xom.
             Slain by a gnoll
             ... wielding a +0 spear
             ... led by a gnoll bouda
              (5 damage)
             ... on level 3 of the Dungeon.
             The game lasted 00:05:13 (2084 turns).

Descartes the Trooper (Formicid Chaos Knight)       Turns: 2084, Time: 00:05:13

HP:   -2/41 (49)    AC:  9    Str: 18    XL:     6   Next: 22%
MP:   6/6           EV:  9    Int: 12    God:    Xom [..*...]
Gold: 261           SH: 10    Dex: 13    Spells: 5/5 levels left

rFire   . . .        a - +0 hand axe (chaos)
rCold   . . .        k - +2 kite shield
rNeg    . . .        y - +1 ring mail {rPois}
rPois   +            (helmet unavailable)
rElec   .            w - +0 cloak
rCorr   .            m - +0 pair of gloves
SInv    +            (no boots)
Will    .....        (no amulet)
Stlth   +            (no ring)
HPRegen 0.26/turn    (no ring)
MPRegen 0.10/turn

%: no passive effects
@: heavily drained
A: permanent stasis, dig shafts and tunnels, antennae 3, four strong arms, wild
magic 1
a: Dig, Shaft Self, Renounce Religion


You were on level 3 of the Dungeon.
You worshipped Xom.
You were a toy of Xom.
You visited 1 branch of the dungeon, and saw 4 of its levels.

You collected 261 gold pieces.

Inventory:

Hand Weapons
 a - a +0 hand axe of chaos (weapon)
 j - a +3 war axe
Missiles
 e - 3 javelins
Armour
 k - a +2 kite shield (worn)
 m - a +0 pair of gloves (worn)
 w - a +0 cloak (worn)
 y - a +1 ring mail of poison resistance (worn)
Jewellery
 l - an amulet of magic regeneration
Wands
 x - a wand of paralysis (2)
Scrolls
 b - 2 scrolls of identify {unknown}
 f - 2 scrolls of vulnerability {unknown}
 g - a scroll of immolation {unknown}
 o - a scroll of enchant armour {unknown}
 q - 2 scrolls of noise {unknown}
 t - 5 scrolls of teleportation {unknown}
 u - a scroll of poison {unknown}
 v - a scroll of fear {unknown}
Potions
 d - 2 potions of cancellation {unknown}
 h - a potion of berserk rage {unknown}
 i - 2 potions of curing {unknown}
 p - a potion of degeneration {unknown}
 r - 2 potions of attraction {unknown}
 s - a potion of invisibility {unknown}
Miscellaneous
 c - a piece from Xom's chessboard (15/15) (quivered)


   Skills:
 + Level 4.6 Fighting
 + Level 4.2 Axes
 + Level 3.8 Armour
 - Level 0.8 Dodging
 + Level 3.1 Shields


You had 5 spell levels left.
You didn't know any spells.
Your spell library contained the following spells:

 Spells                   Type           Power      Damage    Failure   Level
 Freeze                   Ice            0%         1d3       88%         1
 Cigotuvi's Dreadful Rot  Necr/Pois/Air  0%         N/A       96%         2
 Frozen Ramparts          Ice            0%         1d1       99%         3
 Hailstorm                Conj/Ice       0%         3d3       99%         3
 Ignite Poison            Fire/Tmut/Pois 0%         N/A       99%         3
 Freezing Cloud           Conj/Ice/Air   0%         6-21      100%        5


Dungeon Overview and Level Annotations

Branches:
Dungeon (4/15)
 Temple: D:4-7

Altars:
Trog


Innate Abilities, Weirdness & Mutations

You cannot be hasted, slowed, berserked, paralysed or teleported.
You can dig through walls and to a lower floor.
You have a pair of large antennae on your head. (SInv)
Your four strong arms can wield two-handed weapons with a shield.
Your spells are a little harder to cast, but a little more powerful.


Message History

The gnoll suddenly seems more resistant.
The gnoll barely misses you. You block the gnoll's attack.
Unknown command.
You hit the gnoll.
The gnoll is moderately wounded.
The gnoll hits you but does no damage.
You hit the gnoll.
The gnoll is heavily wounded.
The gnoll hits you but does no damage.
You hit the gnoll.
The gnoll is severely wounded.
You block the gnoll's attack.
You closely miss the gnoll.
The gnoll is severely wounded.
The gnoll barely misses you. x2
You hit the gnoll.
You kill the gnoll!
You block the gnoll's attack.
You barely miss the gnoll. The gnoll hits you with a +0 spear.
* * * LOW HITPOINT WARNING * * *
You barely miss the gnoll. You block the gnoll's attack.
Unknown command.
You slash the gnoll!
The gnoll is heavily wounded.
The gnoll hits you with a +0 spear.
* * * LOW HITPOINT WARNING * * *
You hit the gnoll. You burn the gnoll.
The gnoll is almost dead.
The gnoll closely misses you. You block the gnoll's attack.
You barely miss the gnoll.
The gnoll is almost dead.
You block the gnoll's attack.
Unknown command.
You hit the gnoll but do no damage.
The gnoll is almost dead.
The gnoll barely misses you.
You completely miss the gnoll.
The gnoll is almost dead.
The gnoll hits you with a +0 spear.
You die...

................gg..>##.####....#
###.รท[###....g######.###........#
##...###.....g......###.#.......
#...................#.).#.#..#..
#.......####........#.###.......
#.......# #####.##...# ###.....
##.......# #.###.### ##.###
.........# ##g##.# #.# .).......#
#@###.# #<# ..##...### ### #.# ###
####...# #.# ######## #.# #...#
#.# #...# #.# #...# #.# ....# #.#
....## #.#


You could see a gnoll.

Vanquished Creatures
  Ijyb (D:3)
  3 orc wizards (D:3)
  2 gnolls (D:3)
  5 adders
  2 worms
  A dart slug (D:1)
  3 orcs (D:3)
  6 bats
  6 endoplasms
  4 giant cockroaches
  2 hobgoblins
  3 jackals (D:1)
  2 quokkas (D:2)
  4 ball pythons
  2 frilled lizards
  5 goblins
  3 kobolds (D:1)
  3 rats
57 creatures vanquished.

Notes
Turn   | Place    | Note
-------+----------+-------------------------------------------
     0 | D:1      | Descartes the Formicid Chaos Knight began the quest for the
                  | Orb.
     0 | D:1      | Reached XP level 1. HP: 18/18 MP: 1/1
     2 | D:1      | XOM: silly message
   119 | D:1      | Found a faded altar of an unknown god.
   140 | D:1      | Reached XP level 2. HP: 22/24 MP: 2/2
   347 | D:1      | XOM: divination: detect creatures
   502 | D:1      | XOM: silly message
   538 | D:1      | XOM: god gift: spear {god gift}
   552 | D:1      | Reached XP level 3. HP: 30/30 MP: 3/3
   591 | D:1      | XOM: god gift: 62 gold pieces
   805 | D:1      | XOM: cloud trail
   809 | D:1      | XOM: stat loss: -1 Dex (12/13)
   922 | D:2      | Reached skill level 1 in Shields
  1107 | D:2      | Reached XP level 4. HP: 28/37 MP: 4/4
  1107 | D:2      | XOM: give mutation
  1107 | D:2      | Gained mutation: Your spells are a little harder to cast,
                  | but a little more powerful. [Xom's mischief]
  1516 | D:3      | Reached XP level 5. HP: 39/42 MP: 5/5
  1564 | D:3      | Found a bloodstained altar of Trog.
  1728 | D:3      | XOM: noise
  1735 | D:3      | Noticed Ijyb
  1743 | D:3      | Killed Ijyb
  1744 | D:3      | Reached XP level 6. HP: 47/49 MP: 6/6
  2041 | D:4      | XOM: silly message
  2050 | D:3      | XOM: divination: detect items
  2080 | D:3      | HP: 2/41 [gnoll/+0 spear[a gnoll bouda] (4)]
  2084 | D:3      | Slain by a gnoll

Illustrated notes

Levels and vault maps discovered:
D:1:      co_arrival_two_rings, layout_basic,
          hellmonk_ecumenical_altar_arch_garden
D:2:      layout_basic
D:3:      layout_basic, trog_three_pillars_becter, due_unseen_surprise,
          uniq_ijyb
D:4:      layout_loops_ring, minmay_temple_entry_slanted, gammafunk_ghost_arena,
          minmay_misc_feat_encased, minmay_hollow_rounded_squares

Skill      XL: |  1  2  3  4  5  6 |
---------------+-------------------+-----
Shields        | 1 2 3 |  3.1
Armour         | 3 |  3.8
Fighting       | 4 |  4.6
Axes           | 4 |  4.2
Dodging        | |  0.8

Action                     |  1- 3 |  4- 6 || total
---------------------------+-------+-------++-------
  Melee: Hand axe          |    89 |   110 ||   199
Ability: Dig               |       |     2 ||     2
 Armour: Leather armour    |    25 |       ||    25
         Chain mail        |    18 |    37 ||    55
         Ring mail         |       |     9 ||     9
  Dodge: Dodged            |    41 |    42 ||    83
  Block: Kite shield       |    27 |    68 ||    95
